 Dungeon Crawl Stone Soup version 0.17-a0-1583-g2df49ec (webtiles) character file.

1253 carl the Ruffian (level 8, -9/75 HPs)
             Began as a Troll Monk on July 28, 2015.
             Was a High Priest of Ru.
             Mangled by an orc warrior
             ... wielding a +0 halberd
              (15 damage)
             ... on level 6 of the Dungeon.
             The game lasted 00:10:39 (4005 turns).

carl the Ruffian (Troll Monk)                       Turns: 4005, Time: 00:10:40

Health: -9/75      AC:  8    Str: 20    XL:     8   Next: 26%
Magic:  16/16      EV:  9    Int:  8    God:    Ru [*****.]
Gold:   129        SH:  7    Dex: 12    Spells: 0 memorised, 7 levels left

rFire  . . .     SeeInvis +       - Unarmed
rCold  . . .     Clarity  .     a - +0 robe
rNeg   . . .     SustAt   .     F - +0 shield
rPois  +         Gourm    +     (helmet restricted)
rElec  .         Spirit   .     o - +2 cloak {rPois}
rCorr  .         Warding  .     (gloves unavailable)
rMut   .         Stasis   .     (boots unavailable)
MR     .....                    (no amulet)
Stlth  +.........               s - ring of magical power
                                p - ring of see invisible

@: not resistant to hostile enchantments, very unstealthy
A: unfitting armour, claws 3, fast metabolism 3, gourmand, regeneration 2,
shaggy fur 1, tough skin 2, inability to use devices, unskilled 1
a: Draw Out Power, Power Leap, Apocalypse, Renounce Religion


You were on level 6 of the Dungeon.
You worshipped Ru.
Ru was extremely pleased with you.
You were full.

You visited 1 branch of the dungeon, and saw 6 of its levels.
You also visited: Sewer.

You collected 363 gold pieces.
You spent 234 gold pieces at shops.

Inventory:

Armour
 a - a +0 robe (worn)
 o - a +2 cloak of poison resistance (worn)
 F - a +0 shield (worn)
Jewellery
 p - a ring of see invisible (left claw)
 s - a ring of magical power (right claw)
Magical devices
 m - a wand of polymorph (3)
 q - a wand of digging (20)
 y - a wand of confusion (21)
Scrolls
 c - 2 scrolls of immolation {unknown}
 e - 2 scrolls of blinking {unknown}
 f - 3 scrolls of enchant weapon {unknown}
 g - 4 scrolls of remove curse {unknown}
 h - 3 scrolls of identify {unknown}
 k - a scroll of random uselessness {unknown}
 l - 2 scrolls of teleportation {unknown}
 u - a scroll of noise {unknown}
 w - 2 scrolls of fear {unknown}
 D - a scroll of enchant armour {unknown}
Potions
 d - 2 potions of haste
 i - 3 potions of lignification {unknown}
 j - 5 potions of curing
 n - a potion of ambrosia {unknown}
 x - 2 potions of cure mutation {unknown}
 z - a potion of flight
 B - a potion of heal wounds
 C - a potion of cancellation {unknown}
 E - a potion of brilliance {unknown}
Comestibles
 b - 6 bread rations
 r - 2 meat rations
 t - 4 fruits
 v - a beef jerky


   Skills:
 - Level 3.3 Fighting
 - Level 6.0 Dodging
 - Level 1.0 Stealth
 + Level 0.4 Shields
 - Level 6.4 Unarmed Combat


You had 7 spell levels left.
You didn't know any spells.

Dungeon Overview and Level Annotations

Branches:
Dungeon (6/15)
 Temple: D:4-7

Altars:
Fedhas
Gozag
Kikubaaqudgha
Ru
Yredelemnul
The Shining One

Shops:
D:5 !


Innate Abilities, Weirdness & Mutations

You are too large for most types of armour.
You have claws for hands.
Your metabolism is lightning-fast.
You like to eat raw meat.
You heal very quickly.
You are covered in fur (AC +1).
You have very tough skin (AC +2).
You cannot study or use magical devices.
You are somewhat unskilled (-1 Apt).


Message History

The orc warrior is almost dead.
You barely miss the orc warrior.
The orc warrior is almost dead.
The orc warrior hits you with a halberd!
* * * LOW HITPOINT WARNING * * *
You closely miss the orc warrior.
The orc warrior is almost dead.
The orc warrior barely misses you.
You barely miss the orc warrior.
The orc warrior is almost dead.
You block the orc warrior's attack.
Your shield prevents you from hitting the orc warrior.
The orc warrior is almost dead.
You block the orc warrior's attack.
You barely miss the orc warrior.
The orc warrior is almost dead.
You scratch the orc warrior but do no damage.
The orc warrior is almost dead.
The orc warrior hits you with a halberd!
You die...

#..#### ......#
#........# ........
.....#.#### ##...
.....######### #..######
#.........## ###)......#
#...@o.....#
..........####....?...##
........<[........#####
...........########
#.#.......##
......<...#.#
#.#..........
..##....#....
........##...#


You could see an orc warrior.

Vanquished Creatures
  Sigmund (D:2)
  Edmund (D:5)
  A phantom (D:4)
  An ogre (D:5)
  Blork the orc (D:6)
  A big kobold (Sewer)
  2 scorpions
  Crazy Yiuf (D:2)
  A giant frog skeleton (D:6)
  2 hounds
  An iguana (D:4)
  2 centaur skeletons
  3 worker ants
  Natasha (twice) (D:2)
  An orc priest (D:6)
  Robin (D:4)
  10 adders
  3 river rats (Sewer)
  2 shadow imps (D:5)
  2 worms (D:3)
  4 giant geckos
  7 orcs
  A ball python (D:5)
  12 bats
  A bat skeleton (D:6)
  4 giant cockroaches
  16 goblins
  13 hobgoblins
  7 jackals
  10 kobolds
  A quokka (D:3)
  7 giant newts
  8 rats
  A spectral orc (D:5)
131 creatures vanquished.

Notes
Turn   | Place    | Note
--------------------------------------------------------------
     0 | D:1      | carl the Troll Monk began the quest for the Orb.
     0 | D:1      | Reached XP level 1. HP: 22/22 MP: 0/0
   140 | D:1      | Reached XP level 2. HP: 29/29 MP: 1/1
   788 | D:2      | Noticed Crazy Yiuf
   803 | D:2      | Killed Crazy Yiuf
   803 | D:2      | Reached skill level 5 in Unarmed Combat
   803 | D:2      | Reached XP level 3. HP: 23/36 MP: 2/2
   900 | D:2      | Found an opulent altar of Gozag.
   910 | D:2      | Reached XP level 4. HP: 36/44 MP: 3/3
   952 | D:2      | Noticed Sigmund
   963 | D:2      | Killed Sigmund
   963 | D:2      | Reached skill level 7 in Unarmed Combat
   963 | D:2      | Reached XP level 5. HP: 45/50 MP: 4/4
  1013 | D:2      | Noticed Natasha
  1016 | D:2      | Killed Natasha
  1180 | D:2      | Reached XP level 6. HP: 59/59 MP: 5/5
  1370 | D:2      | Noticed Natasha
  1373 | D:2      | Killed Natasha
  1447 | D:2      | Found a glowing golden altar of the Shining One.
  1700 | D:3      | Found a blossoming altar of Fedhas.
  1700 | D:3      | Found an ancient bone altar of Kikubaaqudgha.
  2078 | D:4      | Found a sacrificial altar of Ru.
  2086 | D:4      | Became a worshipper of Ru the Awakened
  2094 | D:4      | Gained mutation: You are somewhat unskilled (-1 Apt). [Ru sacrifice]
  2094 | D:4      | Reduced skill Unarmed Combat to level 6
  2094 | D:4      | Acquired Ru's first power
  2117 | D:4      | Noticed Robin
  2130 | D:4      | Killed Robin
  2531 | D:4      | Reached XP level 7. HP: 51/65 MP: 6/6
  2617 | D:4      | Found a glowing drain.
  2631 | Sewer    | Entered a sewer
  2717 | Sewer    | Reached skill level 5 in Dodging
  2758 | Sewer    | Found a white marble altar of Elyvilon.
  2894 | D:5      | Entered Level 5 of the Dungeon
  3004 | D:5      | Found a sacrificial altar of Ru.
  3110 | D:5      | Noticed Edmund
  3126 | D:5      | Killed Edmund
  3237 | D:5      | Found Soazi's Distillery.
  3493 | D:5      | Bought a potion of heal wounds for 65 gold pieces
  3493 | D:5      | Bought a potion of curing for 39 gold pieces
  3493 | D:5      | Bought a potion of haste for 130 gold pieces
  3530 | D:5      | Reached XP level 8. HP: 42/72 MP: 7/7
  3615 | D:5      | Found a basalt altar of Yredelemnul.
  3914 | D:6      | Noticed Blork the orc
  3925 | D:6      | Killed Blork the orc
  3943 | D:6      | Gained mutation: You cannot study or use magical devices. [Ru sacrifice]
  3943 | D:6      | Acquired Ru's second power
  3943 | D:6      | Acquired Ru's third power
  3943 | D:6      | Acquired Ru's fourth power
  3943 | D:6      | Acquired Ru's fifth power
  4000 | D:6      | HP: 3/75 [orc warrior/halberd (8)]
  4005 | D:6      | Mangled by an orc warrior

Vault maps used:
D:1:      lightli_arrival_chessboard, minmay_parallelograms, minivault_26,
          minmay_misc_feat_nine_boxes, st_stairs_5,
          minmay_misc_feat_four_crosses, corexii_leaking_fountain,
          dk_noncrumbling_2
D:2:      old_standard_altar, tso_oasis_becter, minmay_misc_feat_room,
          minmay_door_square, uniq_sigmund, uniq_natasha,
          uniq_crazy_yiuf_cottage
D:3:      grunt_temple_overflow_growth_and_decay, minmay_misc_feat_secret_circle
D:4:      portal_sewer_entry_d, nicolae_ru_sacrificial_ziggurat, uniq_robin
D:5:      yredelemnul_forgotten_temple_becter, nicolae_overflow_crystal_walls,
          first_bread, serial_shops, shop_statue, uniq_edmund
D:6:      uniq_prince_ribbit1, uniq_blork_the_orc
Sewer:    sewer_kobolds

Action                   |  1- 3 |  4- 6 |  7- 9 || total
-------------------------+-------+-------+-------++-------
Melee: Unarmed           |    61 |   175 |   184 ||   420
Invok: Sacrifice Skill   |       |     1 |       ||     1
       Sacrifice Artific |       |       |     1 ||     1
  Use: Potion            |       |       |     1 ||     1
 Stab: Sleeping          |       |     4 |     1 ||     5
  Eat: Chunk             |    10 |    18 |    11 ||    39
